 Dungeon Crawl Stone Soup version 0.30-a0-862-g1aabd4f9c5 (webtiles) character file.

Game seed: 8868559217118982083

43 Sabo the Sneak (level 3, -2/25 HPs)
             Began as a Gnoll Wanderer on Mar 7, 2023.
             Slain by Pargi (6 damage)
             ... in a sewer on Mar 9, 2023.
             The game lasted 00:10:29 (2378 turns).

Sabo the Sneak (Gnoll Wanderer)                     Turns: 2378, Time: 00:10:30

Health: -2/25      AC:  2    Str:  9    XL:     3   Next: 58%
Magic:  5/7        EV: 11    Int: 14    God:
Gold:   67         SH:  0    Dex: 12    Spells: 6/7 levels left

rFire   . . .      SeeInvis .    a - +2 dagger
rCold   . . .      Faith    .    (no shield)
rNeg    . . .      Spirit   .    e - +0 robe
rPois   .          Reflect  .    (no helmet)
rElec   .          Rampage  .    (no cloak)
rCorr   .                        (no gloves)
Will    .....                    (no boots)
Stlth   ++++                     (no amulet)
HPRegen 0.24/turn                (no ring)
MPRegen 0.10/turn                (no ring)

@: no status effects
A: fangs 1, strong nose, distributed training
a: no special abilities


You were in a sewer.
You visited 1 branch of the dungeon, and saw 3 of its levels.
You also visited: Sewer.

You collected 67 gold pieces.

Inventory:

Hand Weapons
 a - a +2 dagger (weapon)
 k - a +0 glaive
Armour
 e - a +0 robe (worn)
 g - a +0 ring mail
Wands
 l - a wand of quicksilver (6)
Scrolls
 b - 2 scrolls of fear
 c - a scroll of poison {unknown}
 d - a scroll of blinking
 f - a scroll of vulnerability {unknown}
 i - a scroll of enchant weapon {unknown}
 j - a scroll of immolation {unknown}
Potions
 h - a potion of lignification {unknown}


   Skills:
 + Level 0.9 Fighting
 + Level 0.9 Short Blades
 + Level 0.9 Long Blades
 + Level 0.9 Axes
 + Level 0.9 Maces & Flails
 + Level 0.9 Polearms
 + Level 0.9 Staves
 + Level 0.9 Ranged Weapons
 + Level 0.9 Throwing
 + Level 0.9 Armour
 + Level 0.9 Dodging
 + Level 7.8 Stealth
 + Level 0.9 Shields
 + Level 0.9 Unarmed Combat
 + Level 2.8 Spellcasting
 + Level 3.8 Conjurations
 + Level 0.6 Hexes
 + Level 0.6 Summonings
 + Level 0.6 Necromancy
 + Level 0.6 Translocations
 + Level 0.6 Transmutations
 + Level 0.6 Fire Magic
 + Level 0.6 Ice Magic
 + Level 0.6 Air Magic
 + Level 0.6 Earth Magic
 + Level 0.6 Poison Magic
 + Level 1.0 Invocations
 + Level 6.5 Evocations


You had 6 spell levels left.
You knew the following spells:

 Your Spells              Type           Power      Damage    Failure   Level
a - Shock                 Conj/Air       32%        1d5       9%          1

Your spell library contained the following spells:

 Spells                   Type           Power      Damage    Failure   Level
 Hailstorm                Conj/Ice       8%         3d4       26%         3


Dungeon Overview and Level Annotations

Branches:
Dungeon (2/15)              Sewer (1/1)

Altars:

Annotations:
Sewer Pargi


Innate Abilities, Weirdness & Mutations

You have very sharp teeth.
Your uncanny sense of smell can sniff out nearby items.
Your experience applies equally to all skills.


Message History

Moving in this stuff is going to be slow.
Level annotation: Pargi Welcome back, Sabo the Gnoll Wanderer.
Press ? for a list of commands and other information.
Casting: Shock (safe; 9% risk of failure)
Confirm with . or Enter, or press ? or * to list all spells.
Aiming: Shock (safe; 9% risk of failure)
Press: ? - help, Shift-Dir - straight line The zap misses Pargi.
The zap hits Pargi.
Pargi is lightly wounded.
Casting: Shock (safe; 9% risk of failure)
Confirm with . or Enter, or press ? or * to list all spells.
Aiming: Shock (safe; 9% risk of failure)
Press: ? - help, Shift-Dir - straight line, f - Pargi
Aim: Pargi (lightly wounded, 60% to hit)
The zap hits Pargi.
Pargi is lightly wounded.
Pargi barely misses you. Pargi claws you. Pargi closely misses you.
You hit Pargi.
Pargi is moderately wounded.
Pargi bites you. Pargi claws you. Pargi barely misses you.
You hit Pargi.
Pargi is moderately wounded.
Pargi bites you. Pargi misses you. Pargi barely misses you.
You barely miss Pargi.
Pargi is moderately wounded.
Pargi bites you but does no damage. Pargi barely misses you. Pargi misses you.
You hit Pargi. Your bite misses Pargi.
Pargi is moderately wounded.
Pargi bites you. Pargi claws you. Pargi claws you but does no damage.
You hit Pargi.
Pargi is moderately wounded.
Pargi completely misses you. Pargi claws you.
* * * LOW HITPOINT WARNING * * *
Pargi claws you.
* * * LOW HITPOINT WARNING * * *
You hit Pargi.
Pargi is heavily wounded.
Pargi bites you.
You die...

#...##~# ######
#....#~##
##......## ##
#.....~.# ###.~...
...### ?$#
#.....~.# ###....~#
....##.)
#.....~.###.....#
.....###
######~~~~.~~.~##
##...~~.#
#.....†~###.~...###
###~.~..# #.∩...~.#
###....~####~....#
∆ #.∩.#.~.#
###.@T~~~.~..### ∆∆
#...##~##
###.~..~.###
######~# ########
#~# ###


You could see Pargi.

Vanquished Creatures
  3 dart slugs (D:1)
  2 endoplasms (D:1)
  4 giant cockroaches (D:4)
  4 goblins (D:1)
  3 hobgoblins (D:1)
  4 jackals (Sewer)
  4 quokkas
  A ball python (D:1)
  2 frilled lizards (D:1)
  5 rats (D:1)
32 creatures vanquished.

Vanquished Creatures (others)
  2 plants (D:1)
2 creatures vanquished.

Grand Total: 34 creatures vanquished

Notes
Turn   | Place    | Note
-------+----------+-------------------------------------------
     0 | D:1      | Sabo the Gnoll Wanderer began the quest for the Orb.
     0 | D:1      | Sabo set off with the following items: a +2 dagger, a
                  | scroll of fear, a potion of attraction, a scroll of
                  | blinking, a +0 robe; and the following spell memorised:
                  | Shock; and the following spells available to memorise:
                  | Hailstorm.
     0 | D:1      | Reached XP level 1. HP: 13/13 MP: 4/4
   172 | D:1      | Reached XP level 2. HP: 19/19 MP: 2/5
  1330 | D:1      | Reached XP level 3. HP: 25/25 MP: 0/7
  1954 | D:2      | You fall into a shaft and drop 2 floors!
  2032 | D:4      | Reached skill level 1 in Invocations
  2057 | D:4      | Found a glowing drain.
  2116 | Sewer    | Entered a sewer
  2356 | Sewer    | Noticed Pargi
  2371 | Sewer    | Upgraded the game from 0.30-a0-859-gf88a04b62d to
                  | 0.30-a0-862-g1aabd4f9c5
  2378 | Sewer    | Slain by Pargi

Illustrated notes

Levels and vault maps discovered:
D:1:      roderic_chinese_lattice_arrival, layout_rooms, chequers_big_river
D:2:      layout_loops_corners, serial_shops, shop, minmay_small_reverse_x
D:4:      layout_loops_ring, gammafunk_ghost_stat_death, portal_sewer_entry_f
Sewer:    sewer_the_moccasin

Skill      XL: |  1  2  3 |
---------------+----------+-----
Invocations    | 1 |  1.0
Fighting       | |  0.9
Short Blades   | |  0.9
Long Blades    | |  0.9
Axes           | |  0.9
Maces & Flails | |  0.9
Polearms       | |  0.9
Staves         | |  0.9
Ranged Weapons | |  0.9
Throwing       | |  0.9
Armour         | |  0.9
Dodging        | |  0.9
Stealth        | |  7.8
Shields        | |  0.9
Unarmed Combat | |  0.9
Spellcasting   | |  2.8
Conjurations   | |  3.8
Hexes          | |  0.6
Summonings     | |  0.6
Necromancy     | |  0.6
Translocations | |  0.6
Transmutations | |  0.6
Fire Magic     | |  0.6
Ice Magic      | |  0.6
Air Magic      | |  0.6
Earth Magic    | |  0.6
Poison Magic   | |  0.6
Evocations     | |  6.5

Action                     || total
---------------------------++-------
  Melee: Dagger            ||    47
         Bite              ||     2
   Cast: Shock             ||    56
 Armour: Robe              ||     4
  Dodge: Dodged            ||    41

Table legend: (Time is in decaauts)
 A = Elapsed time spent in this place.
 B = Non-inter-level travel time spent in this place.
 C = Inter-level travel time spent in this place.
 D = Time resting spent in this place.
 E = Time spent auto-exploring this place.
 F = Levels seen in this place.
 G = Mean time per level.
                   A        B        C        D        E       F      G
               +--------+--------+--------+--------+--------+-----+--------+
         Total |   2410 |   2410 |      0 |   1470 |      0 |   4 |  602.5 |
       Dungeon |   2128 |   2128 |      0 |   1294 |      0 |   3 |  709.3 |
         Sewer |    282 |    282 |      0 |    176 |      0 |   1 |  282.0 |
               +--------+--------+--------+--------+--------+-----+--------+

Top non-repeatable levels by time:
     D:1: 1905 daAuts
   Sewer: 282 daAuts
     D:4: 164 daAuts
     D:2: 58 daAuts
